[Event "Thursday Night Round Robin 3m+1s Starts at 2200hrs ST No Late Joins"]
[Site "Infinity Chess"]
[Date "2018.1.11"]
[Round "6"]
[White "Dovahkiin"]
[Black "Coco69"]
[Result "1/2-1/2 "]
[ECO ""]
[WhiteElo "2453"]
[BlackElo "2491"]
[WhiteEngine "BrainFish_180106_x64_modern_CTG"]
[BlackEngine "Raubfisch X37b1._zag"]
[EventType "Round Robin"]
[WhiteTeam ""]
[BlackTeam ""]
[PlyCount "224"]
[TimeControl "180+1"]

1. e3 Nf6 2. d3 c5 3. d4 g6 4. Nf3 Bg7 5. Be2 d5 6. O-O O-O 7. dxc5 Ne4 
8. Nc3 Bxc3 9. bxc3 Nxc3 10. Qe1 Nxe2+ 11. Qxe2 Qc7 12. c4 Qxc5 13. cxd5 Qxd5 
14. e4 Qh5 15. Rb1 b6 16. Qe3 Qc5 17. Qxc5 bxc5 18. Ba3 Na6 19. Rb5 Rd8 
20. h3 Be6 21. Ra5 Rd6 22. Bc1 Bc4 23. Re1 Nb4 24. Bf4 Re6 25. Rc1 Rxe4 
26. Be3 Nxa2 27. Ra1 Bd5 28. Bxc5 Nc3 29. Rxa7 Rxa7 30. Rxa7 Kf8 31. Kh2 f6 
32. Nd4 Bf7 33. f3 Re5 34. Bb4 Nd5 35. Bd2 Be8 36. Rb7 h5 37. h4 Ba4 38. Kg3 Ne3 
39. Bb4 Nc2 40. Nxc2 Bxc2 41. Kf4 Ba4 42. Ra7 Bc6 43. Ra6 Re6 44. Kg3 Bd7 
45. Rxe6 Bxe6 46. f4 Bd5 47. Bc3 Bc6 48. Kf2 Kf7 49. g3 Ba4 50. Kf3 Bd1+ 
51. Ke3 Bb3 52. Bd4 Bd5 53. Bb2 Ke6 54. Ba3 Bc6 55. Kf2 Kd7 56. Bb2 Bd5 
57. Ke3 Ke6 58. Ba3 Bg2 59. Bb4 Bc6 60. Kf2 Bd5 61. Ke2 Kf7 62. Bc3 Ke6 
63. Bb4 Bg2 64. Ke3 Bc6 65. Kf2 Bd7 66. Ke3 Ba4 67. Kf2 Bc6 68. Ba3 Kf7 
69. Bb2 Ba4 70. Bc3 Ke6 71. Bb4 Bb5 72. Ke3 Bf1 73. Kf2 Bd3 74. Ba3 Bf5 
75. Ke3 Bb1 76. Bb4 Kf7 77. Bc3 Bc2 78. Bb2 Bd1 79. Bc3 Bc2 80. Bb2 Bb3 
81. Bc3 Ba4 82. Ke4 Ke6 83. Bb4 Bc6+ 84. Kd4 Bf3 85. Ke3 Bb7 86. Kd3 Ba8 
87. Ke3 Bg2 88. Bc5 Kf7 89. Bd4 Ba8 90. Bc3 Bh1 91. Bd4 Bd5 92. Bb2 Ke8 
93. Kd2 Kd7 94. Ke3 f5 95. Ba1 Ba8 96. Bd4 Ke6 97. Bb2 Bc6 98. Be5 Kd7 
99. Bb2 Bd5 100. Bc3 Bb7 101. Bb2 Bh1 102. Bc3 Bd5 103. Kd4 Ke6 104. Bb2 Ba8 
105. Ke3 Bg2 106. Bc3 Be4 107. Bd4 Kd5 108. Bb2 Kc6 109. Bd4 Kd5 110. Bb2 Kc6 
111. Be5 Kc5 112. Bb2 Kd6 1/2-1/2

[Event "Thursday Night Round Robin 3m+1s Starts at 2200hrs ST No Late Joins"]
[Site "Infinity Chess"]
[Date "2018.1.11"]
[Round "6"]
[White "incredible"]
[Black "localhero"]
[Result "1/2-1/2"]
[ECO "C65"]
[WhiteElo "2448"]
[BlackElo "2471"]
[WhiteEngine "stockfish_18010422_x64_bmi2"]
[BlackEngine "asmFishW_2017-10-04_popcnt"]
[EventType "Round Robin"]
[WhiteTeam ""]
[BlackTeam ""]
[PlyCount "161"]
[TimeControl "180+1"]

1. e4 e5 2. Nf3 Nc6 3. Bb5 Nf6 4. O-O Nxe4 5. d4 Nd6 6. Bxc6 dxc6 7. dxe5 Nf5 
8. Qxd8+ Kxd8 9. Nc3 Bd7 10. b3 Kc8 11. h3 h6 12. Bb2 b6 13. Rad1 Ne7 
14. Ne2 Ng6 15. Rd2 c5 16. c4 Be6 17. h4 Bg4 18. Nh2 Bxe2 19. Rxe2 Nxh4 
20. Ng4 Nf5 21. Ne3 Nd4 22. Rd2 Ne6 23. Rfd1 Be7 24. Rd7 Bg5 25. Rxf7 Bxe3 
26. fxe3 Kb7 27. Rdd7 Rae8 28. Bc1 h5 29. e4 h4 30. Rde7 Kc8 31. Rxe8+ Rxe8 
32. Kh2 g5 33. Kh3 Rd8 34. Kg4 Rd1 35. Be3 Re1 36. Kf5 Nd8 37. e6 Nxe6 
38. Bf2 Nd4+ 39. Kxg5 Rxe4 40. Bxh4 Ne6+ 41. Kf5 Rxh4 42. Kxe6 Rg4 43. Rf8+ Kb7 
44. Rf2 a5 45. Kf5 Rg8 46. Ke4 Kc6 47. Rf6+ Kd7 48. Kf3 Ke7 49. Rf4 a4 
50. Re4+ Kf7 51. bxa4 Ra8 52. Rh4 Rxa4 53. Rf4+ Kg6 54. Rg4+ Kf5 55. Rf4+ Kg6 
56. Rg4+ Kf5 57. Rf4+ Ke5 58. Re4+ Kf6 59. Rf4+ Ke5 60. Re4+ Kf6 61. Rf4+ Kg5 
62. Rg4+ Kh6 63. Rh4+ Kg5 64. Rg4+ Kh6 65. Rh4+ Kg7 66. Rg4+ Kf8 67. Rf4+ Ke7 
68. Re4+ Kd6 69. g4 Rxa2 70. g5 Ra3+ 71. Kf4 c6 72. Kg4 b5 73. g6 bxc4 
74. Rxc4 Ra7 75. Kf5 Ra8 76. g7 Rb8 77. g8=Q Rxg8 78. Ke4 Rg3 79. Rc1 Rg5 
80. Kd3 Kd5 81. Rf1 1/2-1/2

[Event "Thursday Night Round Robin 3m+1s Starts at 2200hrs ST No Late Joins"]
[Site "Infinity Chess"]
[Date "2018.1.11"]
[Round "6"]
[White "koalachess"]
[Black "KillBill2017"]
[Result "0-1"]
[ECO "C11"]
[WhiteElo "2323"]
[BlackElo "2445"]
[WhiteEngine "asmFishW_2017-11-19_popcnt_CTG"]
[BlackEngine "corchess_x64_modern"]
[EventType "Round Robin"]
[WhiteTeam ""]
[BlackTeam ""]
[PlyCount "108"]
[TimeControl "180+1"]

1. e4 e6 2. d4 d5 3. Nc3 Nf6 4. e5 Nfd7 5. f4 c5 6. Nf3 Nc6 7. Be3 Be7 8. Qd2 a6 
9. Be2 O-O 10. O-O b5 11. Nd1 b4 12. Nf2 a5 13. c3 Qb6 14. Nd3 c4 15. Nf2 a4 
16. Bxc4 dxc4 17. d5 Nc5 18. dxc6 bxc3 19. Qxc3 Qxc6 20. Nd4 Qe8 21. Rfc1 Ba6 
22. h3 Rc8 23. f5 f6 24. Bf4 fxe5 25. Bxe5 Bh4 26. Bg3 Bf6 27. Ng4 exf5 
28. Nxf6+ Rxf6 29. Bh4 Ne4 30. Qe3 f4 31. Qf3 Rf7 32. Qe2 Qe5 33. Nf3 Qc5+ 
34. Kh2 Qf5 35. Be1 Re8 36. Qd1 Ng5 37. Nxg5 Qxg5 38. Rc2 a3 39. bxa3 h5 
40. Rb1 Bb7 41. Rcb2 Bc6 42. Re2 Rfe7 43. Rbb2 Re3 44. Rbc2 f3 45. Rxe3 Rxe3 
46. g3 h4 47. Qd2 Re2+ 48. Kg1 Rxd2 49. Rxd2 hxg3 50. Rd8+ Qxd8 51. Bxg3 Qd1+ 
52. Be1 f2+ 53. Kxf2 Qf3+ 54. Kg1 Qg2# 0-1

[Event "Thursday Night Round Robin 3m+1s Starts at 2200hrs ST No Late Joins"]
[Site "Infinity Chess"]
[Date "2018.1.11"]
[Round "5"]
[White "localhero"]
[Black "KillBill2017"]
[Result "1/2-1/2"]
[ECO "D02"]
[WhiteElo "2472"]
[BlackElo "2444"]
[WhiteEngine "asmFishW_2017-10-04_popcnt"]
[BlackEngine "corchess_x64_modern"]
[EventType "Round Robin"]
[WhiteTeam ""]
[BlackTeam ""]
[PlyCount "109"]
[TimeControl "180+1"]

1. d4 d5 2. Nf3 e6 3. c4 Nf6 4. Nc3 Be7 5. Bf4 O-O 6. e3 Nbd7 7. c5 Nh5 
8. Bd3 Nxf4 9. exf4 b6 10. b4 a5 11. a3 c6 12. O-O Qc7 13. g3 Ba6 14. Bxa6 Rxa6 
15. Qe2 Raa8 16. Kg2 Bf6 17. Ne5 Bxe5 18. fxe5 Ra7 19. Rfc1 Rb8 20. Qd1 h6 
21. Rab1 axb4 22. axb4 Rba8 23. h4 Qb7 24. Ra1 Ra3 25. Rxa3 Rxa3 26. Qc2 bxc5 
27. bxc5 Kf8 28. Ne2 Ke7 29. Rb1 Qa6 30. h5 Qa5 31. Qc1 Qa4 32. Rb2 Ra1 
33. Qc2 Qxc2 34. Rxc2 f6 35. f4 Ra3 36. g4 Kd8 37. Ng1 fxe5 38. fxe5 Ra4 
39. Nf3 Nb8 40. g5 Na6 41. g6 Nb4 42. Rb2 Ra2 43. Rxa2 Nxa2 44. Ne1 Nc3 
45. Kf3 Kd7 46. Kf2 Nb5 47. Ke3 Na7 48. Nc2 Nc8 49. Ne1 Ne7 50. Nc2 Nf5+ 
51. Ke2 Ng3+ 52. Kf3 Nf5 53. Ke2 Ng3+ 54. Kf3 Nf5 55. Ke2 1/2-1/2

[Event "Thursday Night Round Robin 3m+1s Starts at 2200hrs ST No Late Joins"]
[Site "Infinity Chess"]
[Date "2018.1.11"]
[Round "5"]
[White "Coco69"]
[Black "incredible"]
[Result "1-0"]
[ECO "B12"]
[WhiteElo "2475"]
[BlackElo "2464"]
[WhiteEngine "Raubfisch X37b1._zag"]
[BlackEngine "stockfish_18010422_x64_bmi2"]
[EventType "Round Robin"]
[WhiteTeam ""]
[BlackTeam ""]
[PlyCount "153"]
[TimeControl "180+1"]

1. e4 c6 2. d4 d5 3. e5 Bf5 4. Nf3 e6 5. Be2 Ne7 6. c3 Nd7 7. O-O h6 8. Nbd2 Bg6 
9. b4 a5 10. a4 axb4 11. cxb4 Nf5 12. Ba3 Be7 13. a5 O-O 14. Qb3 Re8 15. Qc3 Bh5 
16. Bd3 Bf8 17. Rfc1 Ne7 18. Bb2 Nb8 19. Ba3 Nc8 20. h3 Na7 21. Qc2 Bxf3 
22. Nxf3 Nb5 23. Qd2 Qe7 24. Rcb1 Na6 25. Bc1 Nxb4 26. Bf1 Reb8 27. Ra4 Na6 
28. g4 g6 29. Kg2 Qd8 30. Qc2 Na7 31. Be3 c5 32. dxc5 Qd7 33. Bxa6 bxa6 
34. Rb6 Nc6 35. h4 Bg7 36. h5 g5 37. Bxg5 hxg5 38. Nxg5 Rxb6 39. Qh7+ Kf8 
40. axb6 Nxe5 41. Rf4 Qe7 42. Nxf7 Nxf7 43. c6 Rc8 44. b7 Rb8 45. Qg6 Be5 
46. Rf3 Rxb7 47. cxb7 Qxb7 48. Qxe6 d4 49. Qf5 d3 50. Qxd3 Bf4 51. Qd4 Be5 
52. Qd8+ Kg7 53. Qd3 Bf4 54. Qf5 Bg5 55. Kh2 Kf8 56. Kg1 a5 57. Ra3 a4 
58. Rxa4 Qc6 59. Qe4 Qd6 60. Qb4 Qxb4 61. Rxb4 Be7 62. Ra4 Nd8 63. Kg2 Ne6 
64. f4 Bf6 65. g5 Bb2 66. h6 Kf7 67. Kf3 Ke7 68. g6 Nd4+ 69. Kg4 Nc6 70. g7 Kf7 
71. Ra8 Ne7 72. h7 Bxg7 73. h8=Q Nc6 74. Qe8+ Kf6 75. Qxc6+ Kf7 76. Qe8+ Kf6 
77. Ra6# 1-0

[Event "Thursday Night Round Robin 3m+1s Starts at 2200hrs ST No Late Joins"]
[Site "Infinity Chess"]
[Date "2018.1.11"]
[Round "5"]
[White "MGR"]
[Black "Dovahkiin"]
[Result "1/2-1/2"]
[ECO "C00"]
[WhiteElo "2510"]
[BlackElo "2451"]
[WhiteEngine "Stockfish SL sh BMI2"]
[BlackEngine "BrainFish_180106_x64_modern_CTG"]
[EventType "Round Robin"]
[WhiteTeam ""]
[BlackTeam ""]
[PlyCount "111"]
[TimeControl "180+1"]

1. e4 e6 2. Nc3 d5 3. d4 Nf6 4. Bg5 dxe4 5. Nxe4 Be7 6. Bxf6 Bxf6 7. Nf3 O-O 
8. Bc4 Be7 9. Qe2 Nd7 10. Rd1 a6 11. O-O b5 12. Bd3 Bb7 13. Rfe1 Qc8 14. c3 c5 
15. Neg5 Nf6 16. dxc5 Bxf3 17. Nxf3 Qxc5 18. g3 Qb6 19. Ne5 Bd6 20. a3 Rad8 
21. Qf3 Bxe5 22. Rxe5 Rd6 23. Ree1 h6 24. Be2 Rfd8 25. Rxd6 Rxd6 26. Rd1 Rxd1+ 
27. Bxd1 Kf8 28. Be2 Ne8 29. Qe4 Nd6 30. Qh7 Ne8 31. Qc2 Nd6 32. Qh7 Ne8 
33. Bf3 a5 34. b4 a4 35. Qe4 Nd6 36. Qc6 Qxc6 37. Bxc6 g5 38. Kg2 Ke7 39. Kf3 f5 
40. Ke2 e5 41. Kd3 Kd8 42. c4 bxc4+ 43. Kc3 Kc7 44. Bxa4 Ne4+ 45. Kxc4 f4 
46. gxf4 exf4 47. Kd3 Nxf2+ 48. Ke2 Ng4 49. h3 Ne3 50. Kf3 Kb6 51. h4 Nc4 
52. hxg5 hxg5 53. Bd1 Nxa3 54. Kg4 Kb5 55. Kxg5 Kxb4 56. Bf3 1/2-1/2

[Event "Thursday Night Round Robin 3m+1s Starts at 2200hrs ST No Late Joins"]
[Site "Infinity Chess"]
[Date "2018.1.11"]
[Round "5"]
[White "KULLANI"]
[Black "Victorious"]
[Result "1/2-1/2"]
[ECO "C53"]
[WhiteElo "2482"]
[BlackElo "2574"]
[WhiteEngine "BrainFish_180106_x64_CTG"]
[BlackEngine "Houdini 6"]
[EventType "Round Robin"]
[WhiteTeam ""]
[BlackTeam ""]
[PlyCount "112"]
[TimeControl "180+1"]

1. e4 e5 2. Nf3 Nc6 3. Bc4 Bc5 4. c3 Nf6 5. d3 O-O 6. O-O d6 7. Bg5 h6 8. Bh4 g5 
9. Bg3 a6 10. Re1 Ba7 11. Nbd2 Nh7 12. h3 h5 13. d4 g4 14. hxg4 hxg4 15. Bh4 Qd7 
16. Nh2 Kh8 17. Be2 Rg8 18. Nb3 Qe6 19. Bxg4 Rxg4 20. Qxg4 Qxg4 21. Nxg4 Bxg4 
22. d5 Nd8 23. c4 Kg7 24. Rac1 f5 25. c5 Nf6 26. f3 Bh5 27. exf5 Nxd5 
28. Bf2 Nc6 29. cxd6 cxd6 30. Rcd1 Bf7 31. Bxa7 Nxa7 32. Kf2 Nc6 33. g4 Rh8 
34. Kg3 Nf4 35. Rxd6 Rh3+ 36. Kf2 Rh2+ 37. Kg3 Rxb2 38. Rxe5 Nh5+ 39. gxh5 Nxe5 
40. f4 Nc4 41. h6+ Kh8 42. Rd7 Bg8 43. f6 Rxa2 44. Kh4 Rf2 45. Kg5 Rg2+ 
46. Kh4 Nb6 47. Rxb7 Bxb3 48. Rxb6 Bd5 49. Rd6 Bf7 50. Rd7 Rh2+ 51. Kg3 Rxh6 
52. Rxf7 Kg8 53. Ra7 Rxf6 54. Kg4 Rb6 55. Kg5 Kh8 56. Rf7 Rb4 1/2-1/2

[Event "Thursday Night Round Robin 3m+1s Starts at 2200hrs ST No Late Joins"]
[Site "Infinity Chess"]
[Date "2018.1.11"]
[Round "5"]
[White "Vimtiroba"]
[Black "BlitzMaster"]
[Result "1/2-1/2"]
[ECO "E32"]
[WhiteElo "2497"]
[BlackElo "2573"]
[WhiteEngine "AsmFish@J10V2_CTG"]
[BlackEngine "stockfish_18010422_x64_modern_CTG"]
[EventType "Round Robin"]
[WhiteTeam ""]
[BlackTeam ""]
[PlyCount "77"]
[TimeControl "180+1"]

1. d4 Nf6 2. c4 e6 3. Nc3 Bb4 4. Qc2 O-O 5. e4 d5 6. e5 Ne4 7. Bd3 c5 
8. Nf3 cxd4 9. Nxd4 Nd7 10. Bf4 Qh4 11. g3 Qh5 12. O-O g5 13. cxd5 Bxc3 
14. bxc3 exd5 15. Bxe4 dxe4 16. e6 gxf4 17. exd7 Bxd7 18. Qxe4 fxg3 19. fxg3 Bh3 
20. Rf3 Rfe8 21. Qxb7 Rab8 22. Qc6 Qg5 23. Rf2 Rbc8 24. Qf3 Re7 25. Nc6 Rec7 
26. Re1 Bg4 27. Qf4 Qxf4 28. Rxf4 Be6 29. Nd4 Bxa2 30. Nb5 Rd7 31. Nd4 Bc4 
32. Rf5 Bd3 33. Rf3 Rxc3 34. Re8+ Kg7 35. Nf5+ Kf6 36. Ne3+ Kg7 37. Nf5+ Kf6 
38. Ne3+ Kg7 39. Nf5+ 1/2-1/2

[Event "Thursday Night Round Robin 3m+1s Starts at 2200hrs ST No Late Joins"]
[Site "Infinity Chess"]
[Date "2018.1.11"]
[Round "5"]
[White "Time_bandit"]
[Black "koalachess"]
[Result "1/2-1/2"]
[ECO "A46"]
[WhiteElo "2563"]
[BlackElo "2313"]
[WhiteEngine "asmFishW_2017-11-19_popcnt"]
[BlackEngine "asmFishW_2017-11-19_popcnt_CTG"]
[EventType "Round Robin"]
[WhiteTeam ""]
[BlackTeam ""]
[PlyCount "178"]
[TimeControl "180+1"]

1. d4 Nf6 2. Nf3 e6 3. c4 d5 4. Nc3 Bb4 5. Bg5 dxc4 6. e4 c5 7. Bxc4 cxd4 
8. Nxd4 Bxc3+ 9. bxc3 Qa5 10. Bb5+ Nbd7 11. Bxf6 Qxc3+ 12. Kf1 gxf6 13. h4 Qa5 
14. Rh3 a6 15. Be2 Nc5 16. Nb3 Nxb3 17. Qxb3 Rb8 18. Qb2 Qe5 19. Qxe5 fxe5 
20. Rb3 b5 21. a4 Bd7 22. axb5 axb5 23. Rab1 Ke7 24. f3 f5 25. Bxb5 Bxb5+ 
26. Rxb5 Rxb5 27. Rxb5 fxe4 28. fxe4 Rf8+ 29. Ke2 Rf4 30. Rb7+ Kf6 
31. Rxh7 Rxe4+ 32. Kd3 Rg4 33. h5 Rxg2 34. h6 Rg8 35. Ra7 Rb8 36. Ke4 Rb4+ 
37. Kf3 Rh4 38. h7 Rh6 39. h8=Q+ Rxh8 40. Ke4 Rh1 41. Ke3 Re1+ 42. Kf2 Re4 
43. Ra8 Rh4 44. Ke3 Rh1 45. Rc8 Re1+ 46. Kf2 Rd1 47. Ke3 Re1+ 48. Kd2 Rh1 
49. Ke3 Rh3+ 50. Ke4 Rh4+ 51. Ke3 Rh6 52. Rf8+ Kg7 53. Rf1 Rh4 54. Rg1+ Kf6 
55. Rf1+ Ke7 56. Rg1 Kd6 57. Ra1 Rc4 58. Ra8 Ke7 59. Ra1 Kf6 60. Kd3 Rb4 
61. Rh1 Kg5 62. Rf1 Rd4+ 63. Ke3 Rc4 64. Kd3 Rh4 65. Rf7 Kg6 66. Rf1 Rf4 
67. Rh1 Ra4 68. Ke3 Kf5 69. Rh5+ Kf6 70. Rh8 Rg4 71. Rh1 Rg3+ 72. Ke4 Rg4+ 
73. Ke3 Rd4 74. Ra1 Rf4 75. Rh1 Kg5 76. Ra1 Kf5 77. Ra8 Rc4 78. Rf8+ Kg6 
79. Rf1 Ra4 80. Rf2 Rg4 81. Rf1 Kg7 82. Ra1 Kf7 83. Rf1+ Ke7 84. Rf2 Rh4 
85. Rf1 Ra4 86. Rh1 Kd7 87. Rb1 Kc6 88. Rc1+ Kb5 89. Rb1+ Kc4 1/2-1/2

[Event "Thursday Night Round Robin 3m+1s Starts at 2200hrs ST No Late Joins"]
[Site "Infinity Chess"]
[Date "2018.1.11"]
[Round "4"]
[White "BlitzMaster"]
[Black "Time_bandit"]
[Result "1/2-1/2"]
[ECO "C55"]
[WhiteElo "2573"]
[BlackElo "2563"]
[WhiteEngine "stockfish_18010422_x64_modern_CTG"]
[BlackEngine "asmFishW_2017-11-19_popcnt"]
[EventType "Round Robin"]
[WhiteTeam ""]
[BlackTeam ""]
[PlyCount "107"]
[TimeControl "180+1"]

1. e4 e5 2. Nf3 Nc6 3. Bc4 Nf6 4. d3 Bc5 5. O-O d6 6. c3 a5 7. Re1 h6 
8. Nbd2 O-O 9. h3 Be6 10. a4 Bb6 11. Bxe6 fxe6 12. Nc4 Bc5 13. Be3 Bxe3 
14. Rxe3 Qd7 15. Qb3 Nh5 16. Qb5 Rf7 17. d4 exd4 18. cxd4 Nf4 19. Rc1 Nb4 
20. Qxd7 Rxd7 21. Rd1 g5 22. Rd2 Ng6 23. g3 Rf7 24. Rc3 b6 25. Ne1 Na2 
26. Re3 Nb4 27. Rc3 Na2 28. Rf3 Rxf3 29. Nxf3 Rf8 30. Kg2 Nb4 31. Ne3 Kf7 
32. b3 Ke7 33. d5 exd5 34. Nxd5+ Nxd5 35. Rxd5 Kd7 36. Rf5 Re8 37. Rf7+ Re7 
38. Rxe7+ Kxe7 39. Nd4 Kf6 40. Kf3 Nf8 41. Ke3 Ne6 42. Nxe6 Kxe6 43. f3 d5 
44. exd5+ Kxd5 45. f4 gxf4+ 46. Kxf4 c6 47. h4 b5 48. g4 bxa4 49. bxa4 c5 
50. g5 hxg5+ 51. hxg5 c4 52. g6 Ke6 53. Ke4 Kf6 54. Kd4 1/2-1/2

[Event "Thursday Night Round Robin 3m+1s Starts at 2200hrs ST No Late Joins"]
[Site "Infinity Chess"]
[Date "2018.1.11"]
[Round "4"]
[White "Victorious"]
[Black "Vimtiroba"]
[Result "1/2-1/2"]
[ECO "A06"]
[WhiteElo "2577"]
[BlackElo "2494"]
[WhiteEngine "Houdini 6"]
[BlackEngine "AsmFish@J10V2_CTG"]
[EventType "Round Robin"]
[WhiteTeam ""]
[BlackTeam ""]
[PlyCount "113"]
[TimeControl "180+1"]

1. Nf3 d5 2. d4 Nf6 3. e3 e6 4. Bd3 c5 5. b3 Nc6 6. Bb2 b6 7. O-O Bb7 8. c4 cxd4 
9. exd4 Bd6 10. Nc3 dxc4 11. bxc4 O-O 12. Re1 Rc8 13. Ne4 Nxe4 14. Bxe4 Re8 
15. Bc3 h6 16. Rb1 Qc7 17. d5 exd5 18. cxd5 Nb8 19. Bb2 Nd7 20. Rc1 Qd8 
21. Rxc8 Bxc8 22. Bc2 Rxe1+ 23. Qxe1 Bb7 24. Nd4 Bxd5 25. Nf5 Bf8 26. Qc3 Nf6 
27. Qd2 Be7 28. Qf4 Bxa2 29. Qg3 g6 30. Nxe7+ Qxe7 31. h3 Nd7 32. Qc3 f6 
33. Bxg6 Qe2 34. Bd3 Qd1+ 35. Kh2 Be6 36. f4 Qa4 37. Qd2 Kg7 38. Be2 Qc6 
39. Qd3 Qd5 40. Qg3+ Kf7 41. Ba3 Nc5 42. Bf3 Qd4 43. Bh5+ Ke7 44. Qg7+ Kd8 
45. Qxa7 Qxf4+ 46. Kg1 Qe3+ 47. Kh2 Qf4+ 48. Kg1 Qd4+ 49. Kh1 Qa1+ 50. Kh2 Qe5+ 
51. Kg1 Kc8 52. Qa8+ Kd7 53. Bf3 Qd4+ 54. Kh2 Qe5+ 55. Kg1 Qd4+ 56. Kh2 Qe5+ 
57. Kg1 1/2-1/2

[Event "Thursday Night Round Robin 3m+1s Starts at 2200hrs ST No Late Joins"]
[Site "Infinity Chess"]
[Date "2018.1.11"]
[Round "4"]
[White "Dovahkiin"]
[Black "KULLANI"]
[Result "1/2-1/2"]
[ECO "A00"]
[WhiteElo "2450"]
[BlackElo "2483"]
[WhiteEngine "BrainFish_180106_x64_modern_CTG"]
[BlackEngine "BrainFish_180106_x64_CTG"]
[EventType "Round Robin"]
[WhiteTeam ""]
[BlackTeam ""]
[PlyCount "84"]
[TimeControl "180+1"]

1. e3 e5 2. e4 Nf6 3. Nc3 Bc5 4. Bc4 O-O 5. Nf3 d6 6. d3 c6 7. O-O Bg4 8. h3 Bh5 
9. a4 a5 10. g4 Bg6 11. Kg2 Nbd7 12. Ba2 Re8 13. Nh2 h6 14. h4 d5 15. g5 Nh5 
16. exd5 Rc8 17. gxh6 Ndf6 18. Ng4 Nxd5 19. Rg1 Ndf4+ 20. Bxf4 exf4 21. Ne4 Rxe4 
22. dxe4 Qxh4 23. Qf3 Rd8 24. Kf1 Rd2 25. hxg7 Nxg7 26. Rh1 Bxe4 27. Bxf7+ Kf8 
28. Rxh4 Bxf3 29. Bg6 Bxg4 30. Rxg4 Rxf2+ 31. Ke1 Ne6 32. Rd1 Be3 33. Rd7 Nd4 
34. Rf7+ Kg8 35. Bh5+ Kh8 36. Rf8+ Kh7 37. Bg6+ Kg7 38. Rf7+ Kg8 39. Bh5+ Kh8 
40. Rf8+ Kh7 41. Bg6+ Kg7 42. Rf7+ Kg8 1/2-1/2

[Event "Thursday Night Round Robin 3m+1s Starts at 2200hrs ST No Late Joins"]
[Site "Infinity Chess"]
[Date "2018.1.11"]
[Round "4"]
[White "incredible"]
[Black "MGR"]
[Result "1/2-1/2"]
[ECO "C77"]
[WhiteElo "2462"]
[BlackElo "2512"]
[WhiteEngine "stockfish_18010422_x64_bmi2"]
[BlackEngine "Stockfish SL sh BMI2"]
[EventType "Round Robin"]
[WhiteTeam ""]
[BlackTeam ""]
[PlyCount "174"]
[TimeControl "180+1"]

1. e4 e5 2. Nf3 Nc6 3. Bb5 a6 4. Ba4 Nf6 5. O-O Be7 6. Nc3 b5 7. Bb3 d6 
8. d3 Na5 9. Bd2 Nxb3 10. axb3 Bb7 11. Ne2 O-O 12. Ng3 Re8 13. Re1 Bf8 14. c4 g6 
15. h3 Nd7 16. b4 bxc4 17. dxc4 Bg7 18. Qc1 Nf8 19. Bh6 Ne6 20. Bxg7 Kxg7 
21. Qc3 Rb8 22. Ra5 Qd7 23. Nd2 Qc6 24. Ne2 f6 25. Qe3 Bc8 26. Qa3 Rf8 
27. Rc1 Kg8 28. Qc3 Kg7 29. Qa3 Kg8 30. Qc3 Rd8 31. Qa3 Bb7 32. Qe3 Qd7 
33. Rf1 Bc8 34. Qa3 c6 35. Ra1 Kh8 36. Qf3 Kg7 37. R1a4 Bb7 38. Nc3 Nf4 
39. Ne2 Ne6 40. Nc3 Bc8 41. Ne2 Nc7 42. Nc3 Qf7 43. Qe3 Bd7 44. f4 Qe7 
45. Qa7 Be8 46. fxe5 dxe5 47. Nb3 Bf7 48. Rc5 Ra8 49. Qb7 Rdb8 50. Qxc6 Ra7 
51. Rca5 Rxb4 52. Qc5 Qxc5+ 53. Nxc5 Rxc4 54. Rxc4 Bxc4 55. Ra4 Bf7 56. Kf2 h5 
57. g3 Be8 58. Ra2 Bc6 59. Ke3 Kf7 60. b4 Ke7 61. g4 Ra8 62. gxh5 gxh5 
63. h4 Nb5 64. Ne2 Nd6 65. Ng3 Bb5 66. Kf3 Rg8 67. Nxh5 f5 68. Ng3 f4 
69. Ne2 Nc4 70. h5 Rg5 71. Nxa6 Bxa6 72. Nxf4 Bc8 73. Nd5+ Kd8 74. Rg2 Rxg2 
75. Kxg2 Ke8 76. b5 Kf7 77. Kf3 Kg7 78. Kg3 Bb7 79. Kf3 Bc8 80. Kg3 Kh6 
81. Kh4 Bb7 82. Nf6 Bc8 83. Ng4+ Bxg4 84. Kxg4 Kg7 85. b6 Nxb6 86. Kf5 Nc4 
87. Ke6 Kh6 1/2-1/2

[Event "Thursday Night Round Robin 3m+1s Starts at 2200hrs ST No Late Joins"]
[Site "Infinity Chess"]
[Date "2018.1.11"]
[Round "4"]
[White "KillBill2017"]
[Black "Coco69"]
[Result "0-1"]
[ECO "A00"]
[WhiteElo "2460"]
[BlackElo "2459"]
[WhiteEngine "corchess_x64_modern"]
[BlackEngine "Raubfisch X37b1._zag"]
[EventType "Round Robin"]
[WhiteTeam ""]
[BlackTeam ""]
[PlyCount "134"]
[TimeControl "180+1"]

1. g3 d5 2. Nf3 Nf6 3. Bg2 c5 4. O-O e6 5. c4 d4 6. d3 Nc6 7. e3 Bd6 
8. exd4 cxd4 9. Na3 O-O 10. Nc2 e5 11. b4 a6 12. a4 Re8 13. Re1 Bf5 14. Ba3 Rc8 
15. Nh4 Bg4 16. Qd2 b5 17. axb5 axb5 18. Bb2 Qd7 19. cxb5 Ne7 20. Ra6 Rb8 
21. f4 exf4 22. gxf4 Ned5 23. Rxe8+ Rxe8 24. Bxd4 Bxf4 25. Qf2 Nh5 26. Ra7 Qd8 
27. Be4 Be6 28. b6 Bb8 29. Kh1 Nhf6 30. Nf3 Nxe4 31. dxe4 Nf4 32. Ne3 Bd7 
33. Qg1 Ng6 34. Qg5 Bc6 35. Qxd8 Rxd8 36. Nd5 Bxa7 37. bxa7 f5 38. Bb6 Rxd5 
39. exd5 Bxd5 40. Kg1 Bxf3 41. Kf2 Bb7 42. b5 Kf7 43. Bd4 Ke6 44. Bxg7 Kd5 
45. h3 Kc5 46. Bf6 f4 47. Bb2 Kxb5 48. Ba3 Kc4 49. Bd6 Kd5 50. Ba3 Ke4 51. h4 f3 
52. h5 Nf4 53. Be7 Nh3+ 54. Ke1 Kd4 55. Bd8 f2+ 56. Ke2 Ba6+ 57. Kd2 f1=Q 
58. Bb6+ Kc4 59. a8=Q Qd3+ 60. Ke1 Kb3 61. Qg8+ Bc4 62. Qg4 Kc2 63. Qg2+ Kc1 
64. Qg5+ Nxg5 65. Kf2 Qf3+ 66. Kg1 Qg3+ 67. Kh1 Bd5# 0-1

[Event "Thursday Night Round Robin 3m+1s Starts at 2200hrs ST No Late Joins"]
[Site "Infinity Chess"]
[Date "2018.1.11"]
[Round "4"]
[White "koalachess"]
[Black "localhero"]
[Result "1/2-1/2"]
[ECO "C58"]
[WhiteElo "2306"]
[BlackElo "2479"]
[WhiteEngine "asmFishW_2017-11-19_popcnt_CTG"]
[BlackEngine "asmFishW_2017-10-04_popcnt"]
[EventType "Round Robin"]
[WhiteTeam ""]
[BlackTeam ""]
[PlyCount "132"]
[TimeControl "180+1"]

1. e4 e5 2. Nf3 Nc6 3. Bc4 Nf6 4. Ng5 d5 5. exd5 Na5 6. Bb5+ c6 7. dxc6 bxc6 
8. Qf3 Be7 9. Nc3 Bg4 10. Bxc6+ Kf8 11. Bxa8 Bxf3 12. Bxf3 g6 13. d3 Kg7 
14. Nge4 Nxe4 15. Bxe4 Qd7 16. Nd5 Nc6 17. c3 f5 18. Bf3 Re8 19. O-O e4 
20. dxe4 fxe4 21. Bxe4 Bc5 22. Bf3 Ne5 23. Be4 Nc6 24. Bf3 Ne5 25. Be4 Qg4 
26. Bf4 g5 27. h3 Qh4 28. Bxe5+ Rxe5 29. Bf3 h5 30. b4 g4 31. bxc5 gxf3 
32. g3 Qxh3 33. Nf4 Qf5 34. Rad1 Rxc5 35. Rd6 Rb5 36. Ne6+ Kf7 37. Nd4 Qg4 
38. Re1 Rb6 39. Rxb6 axb6 40. Re3 Qc8 41. Rxf3+ Kg8 42. Nf5 Qc4 43. Kh2 Kh7 
44. a3 Qc6 45. Nh4 Kg8 46. Rd3 Qc4 47. Rf3 Qc6 48. Re3 Qb5 49. Rf3 Qb3 
50. Rf6 Kg7 51. Rf3 Qxa3 52. c4 Qb2 53. Rf5 Qe2 54. Rf4 b5 55. cxb5 Qxb5 
56. Rf5 Qf1 57. Rf4 Qa1 58. Rf5 Kh6 59. Rb5 Qa6 60. Rd5 Qa1 61. Nf5+ Kg6 
62. Rb5 Kg5 63. Ne3+ Kh6 64. Nf5+ Kg5 65. Ne3+ Kh6 66. Nf5+ Kg5 1/2-1/2

[Event "Thursday Night Round Robin 3m+1s Starts at 2200hrs ST No Late Joins"]
[Site "Infinity Chess"]
[Date "2018.1.11"]
[Round "3"]
[White "Coco69"]
[Black "localhero"]
[Result "1/2-1/2"]
[ECO "C58"]
[WhiteElo "2458"]
[BlackElo "2480"]
[WhiteEngine "BrainFish_180106_x64"]
[BlackEngine "asmFishW_2017-10-04_popcnt"]
[EventType "Round Robin"]
[WhiteTeam ""]
[BlackTeam ""]
[PlyCount "100"]
[TimeControl "180+1"]

1. e4 e5 2. Nf3 Nc6 3. Bc4 Nf6 4. Ng5 d5 5. exd5 Na5 6. Bb5+ c6 7. dxc6 bxc6 
8. Be2 h6 9. Nh3 Bd6 10. d3 O-O 11. Nc3 Rb8 12. O-O Bc7 13. Kh1 Qe7 14. Bf3 Rd8 
15. Qe1 c5 16. Nf4 Qd6 17. Nfe2 Nc6 18. Bxc6 Qxc6 19. b3 e4 20. dxe4 Nxe4 
21. Bf4 Nf6 22. Bxc7 Qxc7 23. Qc1 Ba6 24. Re1 Ng4 25. Qf4 Qxf4 26. Nxf4 Rd2 
27. Rac1 Rxf2 28. Ncd5 g5 29. h3 gxf4 30. hxg4 f3 31. gxf3 Bb7 32. Kg1 Rxf3 
33. Rcd1 Kf8 34. c4 Rg3+ 35. Kh2 Rxg4 36. Nf6 Rg2+ 37. Kh3 Kg7 38. Ne8+ Kh8 
39. Rd6 Rxa2 40. Rxh6+ Kg8 41. Rg1+ Rg2 42. Rxg2+ Bxg2+ 43. Kxg2 Rxe8 
44. Kf3 Kg7 45. Rc6 Rd8 46. Rxc5 Rd3+ 47. Ke4 Rxb3 48. Ra5 Rc3 49. Kd4 Rc1 
50. Rxa7 Kg6 1/2-1/2